 Dungeon Crawl Stone Soup version 0.32-a0-13-gbaedc5810e (webtiles) character file.

Game seed: 13290739552221245033

30 Ivernyr the Shield-Bearer (level 3, -3/29 HPs)
             Began as a Formicid Fighter on Jan 15, 2024.
             Slain by Terence
             ... wielding a +4 heavy hand axe
              (6 damage)
             ... on level 2 of the Dungeon.
             The game lasted 00:02:00 (576 turns).

Ivernyr the Shield-Bearer (Formicid Fighter)         Turns: 576, Time: 00:02:01

Health: -3/29      AC:  6    Str: 22    XL:     3   Next: 35%
Magic:  3/3        EV:  9    Int:  7    God:
Gold:   51         SH:  5    Dex: 13    Spells: 2/2 levels left

rFire   . . .        a - +0 quarterstaff
rCold   . . .        c - +0 buckler
rNeg    . . .        b - +0 scale mail
rPois   .            (helmet unavailable)
rElec   .            (no cloak)
rCorr   .            (no gloves)
SInv    +            (no boots)
Will    .....        (no amulet) Stlth
                     (no ring)
HPRegen 0.24/turn    (no ring)
MPRegen 0.08/turn

%: no passive effects
@: no status effects
A: permanent stasis, dig shafts and tunnels, antennae 3, four strong arms
a: Dig, Shaft Self


You were on level 2 of the Dungeon.
You visited 1 branch of the dungeon, and saw 2 of its levels.

You collected 51 gold pieces.

Inventory:

Hand Weapons
 a - a +0 quarterstaff (weapon)
Armour
 b - a +0 scale mail (worn)
 c - a +0 buckler (worn)
Jewellery
 k - a ring of willpower
Scrolls
 e - a scroll of vulnerability {unknown}
 h - a scroll of immolation {unknown}
 i - a scroll of amnesia {unknown}
 l - a scroll of identify {unknown}
Potions
 d - a potion of might
 f - a potion of curing {unknown}
 g - 3 potions of heal wounds {unknown}
 j - a potion of degeneration {unknown}


   Skills:
 - Level 3.2 Fighting
 * Level 3.5 Staves
 - Level 3.2 Armour
 - Level 4.0 Shields


You had 2 spell levels left.
You didn't know any spells.
Your spell library was empty.

Dungeon Overview and Level Annotations

Branches:
Dungeon (2/15)

Altars:

Annotations:
D:2 Terence


Innate Abilities, Weirdness & Mutations

You cannot be hasted, slowed, berserked, paralysed or teleported.
You can dig through walls and to a lower floor.
You have a pair of large antennae on your head. (SInv)
Your four strong arms can wield two-handed weapons with a shield.


Message History

There is a staircase leading out of the dungeon here.
There is an open door here.
There is a stone staircase leading down here.
You climb downwards.
The kobold shouts!
The endoplasm quivers.
You sense a monster nearby.
Found a scroll labelled CEM RUFIUFIFI.
There is a stone staircase leading up here.
You sock the endoplasm!
You kill the endoplasm!
The kobold hits you but does no damage.
You closely miss the kobold. The kobold barely misses you.
You hit the kobold.
You kill the kobold!
l - a scroll labelled CEM RUFIUFIFI
There is a stone staircase leading up here.
Things that are here:
a +0 dagger; a stone A bat comes into view.
A bat is nearby!
Terence the Incautious comes into view.
He is wielding a +4 heavy hand axe and wearing a +2 chain mail of fire resistance.
Terence shouts!
The bat barely misses you.
You hit the bat.
You kill the bat!
You closely miss Terence.
Terence hits you with a +4 heavy hand axe!
You closely miss Terence.
Terence hits you with a +4 heavy hand axe!
* * * LOW HITPOINT WARNING * * *
You closely miss Terence. Terence hits you but does no damage.
You hit Terence but do no damage. You closely miss Terence.
Terence hits you with a +4 heavy hand axe.
* * * LOW HITPOINT WARNING * * *
You hit Terence but do no damage.
Terence hits you with a +4 heavy hand axe.
You die...
Terence says, "Time to find some more victims."

##. #.. #.#
..###.## .....#
#..### #....###
#.##...# #@####.#
#@# #.# #.# #.##
#.# #..# ..#
##.## .##
###..##..#.
#.#####<)........
#.......#########
#..#######


You could see Terence.

Vanquished Creatures
  8 ball pythons (D:1)
  3 endoplasms
  3 goblins (D:1)
  2 hobgoblins (D:1)
  6 kobolds
  3 bats
  A frilled lizard (D:1)
  A rat (D:1)
27 creatures vanquished.

Notes
Turn   | Place    | Note
-------+----------+-------------------------------------------
     0 | D:1      | Ivernyr the Formicid Fighter began the quest for the Orb.
     0 | D:1      | Reached XP level 1. HP: 18/18 MP: 1/1
    95 | D:1      | Reached XP level 2. HP: 24/24 MP: 2/2
   238 | D:1      | Reached XP level 3. HP: 27/29 MP: 3/3
   567 | D:2      | Noticed Terence
   576 | D:2      | Slain by Terence

Illustrated notes

Levels and vault maps discovered:
D:1:      psy_arrival_statuary, layout_basic
D:2:      layout_rooms, shapermc_ecumenical_altar_gd, uniq_terence, uniq_sigmund

Skill      XL: |  1  2 |
---------------+-------+-----
Staves         | 3 |  3.5
Fighting       | |  3.2
Armour         | |  3.2
Shields        | |  4.0

Action                     || total
---------------------------++-------
  Melee: Quarterstaff      ||    63
 Armour: Scale mail        ||    51
  Dodge: Dodged            ||    32
  Block: Buckler           ||    12

Table legend: (Time is in decaauts)
 A = Elapsed time spent in this place.
 B = Non-inter-level travel time spent in this place.
 C = Inter-level travel time spent in this place.
 D = Time resting spent in this place.
 E = Time spent auto-exploring this place.
 F = Levels seen in this place.
 G = Mean time per level.
                   A        B        C        D        E       F      G
               +--------+--------+--------+--------+--------+-----+--------+
         Total |    587 |    560 |     27 |      0 |    381 |   2 |  293.5 |
       Dungeon |    587 |    560 |     27 |      0 |    381 |   2 |  293.5 |
               +--------+--------+--------+--------+--------+-----+--------+

Top non-repeatable levels by time:
     D:1: 554 daAuts
     D:2: 32 daAuts
